 Dungeon Crawl Stone Soup version 0.19-a0-1626-g5215c36 (webtiles) character file.

942 4thArraOfDagon the Grappler (level 7, -11/57 HPs)
             Began as a Troll Warper on Sept 18, 2016.
             Was an Initiate of Elyvilon.
             Mangled by an orc warrior
             ... wielding a +4 halberd of venom
              (23 damage)
             ... on level 9 of the Dungeon.
             The game lasted 00:06:20 (1372 turns).

4thArraOfDagon the Grappler (Troll Warper)          Turns: 1372, Time: 00:06:21

Health: -11/57     AC:  9    Str: 22    XL:     7   Next: 88%
Magic:  6/6        EV: 10    Int:  9    God:    Elyvilon [......]
Gold:   166        SH:  0    Dex: 11    Spells: 1 memorised, 7 levels left

rFire  . . .     SeeInvis .       - Unarmed
rCold  . . .     Gourm    +     a - +0 robe
rNeg   . . .     Faith    .     (no shield)
rPois  .         Spirit   .     (helmet restricted)
rElec  .         Dismiss  .     (no cloak)
rCorr  .         Reflect  .     (gloves unavailable)
MR     .....     Harm     .     (boots unavailable)
Stlth  ++........               (no amulet)
                                (no ring)
                                g - +3 ring of protection

@: no status effects
A: unfitting armour, claws 3, rugged brown scales 1, thin skeletal structure 1,
dopey 1, fast metabolism 3, frail 1, gourmand, low mp 1, regeneration 1, shaggy
fur 1, strong 1, tough skin 2
a: Renounce Religion


You were on level 9 of the Dungeon.
You worshipped Elyvilon.
Elyvilon was noncommittal.
You were very full.

You visited 1 branch of the dungeon, and saw 9 of its levels.
You also visited: Ossuary.

You collected 166 gold pieces.

Inventory:

Hand Weapons
 l - the +7 rapier of Objectivity {venom, rC+ Dex+2, unknown}
   (You found it on level 7 of the Dungeon)

   It poisons the flesh of those it strikes.
   It affects your dexterity (+2).
   It protects you from cold.
Missiles
 d - 5 tomahawks of dispersal (quivered)
Armour
 a - a +0 robe (worn)
Magical Staves
 m - an uncursed staff of poison
Jewellery
 g - a +3 ring of protection (left claw)
Wands
 h - a wand of confusion (45/48)
Scrolls
 c - a scroll of blinking
Potions
 e - a potion of degeneration
 i - a potion of curing
 j - a potion of invisibility
 k - a potion of brilliance
 o - a potion of heal wounds {unknown}
Books
 b - a book of Spatial Translocations

   Spells                             Type                      Level
   a - Apportation                    Translocation                1
   b - Blink                          Translocation                2
   c - Shroud of Golubria             Charms/Translocation         2
   d - Portal Projectile              Translocation                3
   e - Teleport Other                 Translocation                3
   f - Passage of Golubria            Translocation                4
Comestibles
 f - 2 bread rations
 n - a meat ration


   Skills:
 - Level 1.5 Fighting
 - Level 0.8 Throwing
 - Level 1.9 Dodging
 * Level 9.3 Unarmed Combat
 - Level 1.2 Spellcasting
 - Level 2.1 Translocations


You had 7 spell levels left.
You knew the following spells:

 Your Spells              Type           Power        Failure   Level  Hunger
a - Apportation           Tloc           #.........   14%         1    ##.....


Dungeon Overview and Level Annotations

Branches:
Dungeon (9/15)
 Temple: D:4-7         Lair: D:8-11         Orc: D:9-12

Altars:
Cheibriados
Elyvilon
Hepliaklqana
Nemelex Xobeh
Trog
Xom
Zin

Shops:
D:6 }   D:7 (


Innate Abilities, Weirdness & Mutations

You are too large for most types of armour.
You have claws for hands.
Your metabolism is lightning-fast.
You like to eat raw meat.
Your natural rate of healing is unusually fast.
You are covered in fur. (AC +1)
You have very tough skin. (AC +2)
You are partially covered in rugged brown scales. (AC +1, +3% HP)
You have a somewhat thin skeletal structure. (Dex +2, Stealth)
You are dopey. (Int -2)
You are frail. (-10% HP)
Your magical capacity is low. (-10% MP)
Your muscles are strong. (Str +2)


Message History

Evoke which item? (* to show all) (? for menu, Esc to quit)
Okay, then.
You claw the orc warrior!
The orc warrior is moderately wounded.
* * * LOW HITPOINT WARNING * * *
You feel very sick.
Unknown command.
Unknown command.
You feel better.
Unknown command.
You scratch the orc warrior but do no damage.
The orc warrior is moderately wounded.
Unknown command.
You barely miss the orc warrior.
You claw the orc warrior, but do no damage.
The orc warrior is moderately wounded.
The orc barely misses you.
Unknown command.
The orc warrior hits you with a halberd of venom!!
You die...

#.............†...#
#............#....#
#............#....#
#............#....#
#............#....#
#............#....#
#............#....#
#<...........#....#
#............#.o@.#
#............#....#
#†...........#...o#
#............#...oo....#
#............#....#....#
#............#....#.(..#
#............#>...# ..)#
#######'########### ####
#...........#


You could see an orc warrior (confused), an orc wizard and 2 orcs.

Vanquished Creatures
  An ice beast (D:7)
  A black bear (D:8)
  A necrophage (D:8)
  A big kobold (D:6)
  2 bullfrogs (D:7)
  A water moccasin skeleton (D:8)
  4 howler monkeys (D:7)
  3 crimson imps
  An orc priest (D:3)
  3 worker ants
  A hound skeleton (D:7)
  An adder (D:8)
  2 worms (D:3)
  3 leopard geckos
  11 orcs
  3 giant cockroaches (D:8)
  2 goblins (D:3)
  8 jackals
  6 kobolds
  A bat (D:3)
  2 rats (D:3)
58 creatures vanquished.

Notes
Turn   | Place    | Note
-------+----------+-------------------------------------------
     0 | D:1      | 4thArraOfDagon the Troll Warper began the quest for the Orb.
     0 | D:1      | Reached XP level 1. HP: 19/19 MP: 1/1
    79 | D:3      | Reached XP level 2. HP: 16/27 MP: 2/2
    97 | D:3      | Reached skill level 3 in Unarmed Combat
   198 | D:3      | Reached skill level 4 in Unarmed Combat
   198 | D:3      | Reached XP level 3. HP: 30/33 MP: 3/3
   317 | D:5      | Entered Level 5 of the Dungeon
   321 | D:5      | Gained mutation: You are partially covered in rugged brown scales. (AC +1, +3% HP) [potion of mutation]
   321 | D:5      | Gained mutation: You are frail. (-10% HP) [potion of mutation]
   321 | D:5      | Gained mutation: Your muscles are strong. (Str +2) [potion of mutation]
   396 | D:6      | Found Timuew's Gadget Boutique.
   398 | D:6      | Found a sand-covered staircase.
   406 | D:7      | Noticed a big kobold
   408 | D:7      | Reached XP level 4. HP: 34/38 MP: 4/4
   422 | D:6      | Killed a big kobold
   422 | D:6      | Reached skill level 5 in Unarmed Combat
   422 | D:6      | Reached XP level 5. HP: 26/44 MP: 5/5
   456 | D:7      | Reached skill level 6 in Unarmed Combat
   525 | D:5      | Noticed an ogre
   525 | D:5      | Noticed an ice beast
   542 | D:6      | Reached XP level 6. HP: 39/51 MP: 6/6
   608 | Ossuary  | Entered an ossuary
   630 | D:6      | Noticed an orc warrior
   750 | D:7      | Reached skill level 7 in Unarmed Combat
   808 | D:7      | Found Deqahy's Antique Weapon Shop.
   823 | D:7      | Noticed an ice beast
   837 | D:7      | Killed an ice beast
   837 | D:7      | Reached XP level 7. HP: 57/57 MP: 7/7
   849 | D:7      | Got a steaming rapier
   948 | D:7      | Found a snail-covered altar of Cheibriados.
   950 | D:7      | Found a hazy altar of Hepliaklqana.
   950 | D:7      | Found a shimmering altar of Xom.
   950 | D:7      | Found a white marble altar of Elyvilon.
   950 | D:7      | Found a glowing silver altar of Zin.
   950 | D:7      | Found a sparkling altar of Nemelex Xobeh.
   951 | D:7      | Reached skill level 8 in Unarmed Combat
   952 | D:7      | Found a bloodstained altar of Trog.
   959 | D:7      | Became a worshipper of Elyvilon the Healer
  1016 | D:8      | Gained mutation: You have a somewhat thin skeletal structure. (Dex +2, Stealth) [potion of mutation]
  1016 | D:8      | Gained mutation: You are dopey. (Int -2) [potion of mutation]
  1016 | D:8      | Gained mutation: Your magical capacity is low. (-10% MP) [potion of mutation]
  1205 | D:8      | Reached skill level 9 in Unarmed Combat
  1368 | D:9      | HP: 2/57 [poisoned by an orc warrior]
  1372 | D:9      | Mangled by an orc warrior

Vault maps used:
D:1:      dpeg_arrival_castle
D:2:      first_bread
D:3:      grunt_temple_overflow_growth_and_decay, ecumenical_altar_2,
          kennysheep_generic_room_13
D:5:      st_stairs_8
D:6:      enter_ossuary_3, serial_shops, shop
D:7:      minitemple, serial_shops, nicolae_shop_statue_plus
D:9:      kennysheep_mini_moat, the_bakery, uniq_gastronok
Ossuary:  ossuary_tomb_1

Skill      XL: |  1  2  3  4  5  6  7 |
---------------+----------------------+-----
Unarmed Combat | 4 5 6 7 9 |  9.3
Fighting       | |  1.5
Throwing       | |  0.8
Dodging        | |  1.9
Spellcasting   | |  1.2
Translocations | |  2.1

Action                   |  1- 3 |  4- 6 |  7- 9 || total
-------------------------+-------+-------+-------++-------
Melee: Unarmed           |    62 |    76 |    49 ||   187
       Punch             |       |     1 |     4 ||     5
Evoke: Wand              |       |       |     3 ||     3
  Use: Scroll            |     2 |     4 |     3 ||     9
       Potion            |     1 |       |     2 ||     3
  Eat: Chunk             |     7 |     6 |     3 ||    16
Armor: Robe              |    17 |    56 |    12 ||    85
Dodge: Dodged            |    32 |    57 |    20 ||   109
